 Dungeon Crawl Stone Soup version 0.29.1-1-gd02db6906a (webtiles) character file.

Game seed: 14829821937561704689

18 MisterFreud the Twirler (level 2, 0/23 HPs)
             Began as a Formicid Gladiator on Oct 14, 2022.
             Succumbed to Sigmund's poison
             ... on level 3 of the Dungeon.
             The game lasted 00:01:20 (957 turns).

MisterFreud the Twirler (Formicid Gladiator)         Turns: 957, Time: 00:01:22

Health: 0/23       AC:  3    Str: 18    XL:     2   Next: 90%
Magic:  2/2        EV: 12    Int:  7    God:
Gold:   39         SH:  0    Dex: 15    Spells: 1/1 levels left

rFire   . . .      SeeInvis +   a - +1 quarterstaff
rCold   . . .      Faith    .   (no shield)
rNeg    . . .      Spirit   .   b - +0 leather armour
rPois   .          Reflect  .   (helmet unavailable)
rElec   .          Harm     .   (no cloak)
rCorr   .          Rampage  .   (no gloves)
Will    .....                   (no boots)
Stlth   +.........              (no amulet)
HPRegen 0.07/turn               (no ring)
MPRegen 0.08/turn               (no ring)

@: lethally poisoned (0 -> -16)
A: permanent stasis, dig shafts and tunnels, antennae 3, four strong arms
a: Dig, Shaft Self


You were on level 3 of the Dungeon.
You visited 1 branch of the dungeon, and saw 3 of its levels.

You collected 39 gold pieces.

Inventory:

Hand Weapons
 a - a +1 quarterstaff (weapon)
Missiles
 c - 3 throwing nets (quivered)
 d - a javelin
Armour
 b - a +0 leather armour (worn)
Jewellery
 h - a +4 ring of protection
Scrolls
 j - a scroll of magic mapping
 m - a scroll of summoning
Potions
 e - a potion of magic
 f - a potion of curing {unknown}


   Skills:
 + Level 2.5 Fighting
 + Level 3.2 Staves
 + Level 2.3 Throwing
 + Level 2.9 Dodging


You had one spell level left.
You didn't know any spells.
Your spell library was empty.

Dungeon Overview and Level Annotations

Branches:
Dungeon (2/15)

Altars:

Shops:
D:1 ?

Annotations:
D:3 Sigmund


Innate Abilities, Weirdness & Mutations

You cannot be hasted, slowed, berserked, paralysed or teleported.
You can dig through walls and to a lower floor.
You have a pair of large antennae on your head. (SInv)
Your four strong arms can wield two-handed weapons with a shield.


Message History

You barely miss the adder.
The adder is heavily wounded.
You feel sick. The adder bites you.
The goblin shoots a sling bullet.
The sling bullet hits you.
You are too injured to fight recklessly!
You barely miss the adder.
The adder is heavily wounded.
You feel sick. The adder closely misses you.
The goblin shoots a sling bullet.
The sling bullet hits you.
* * * LOW HITPOINT WARNING * * *
The adder closely misses you.
You are too injured to fight recklessly!
You sock the adder!
You kill the adder!
You feel sick.
You are no longer poisoned.
The goblin shoots a sling bullet.
The sling bullet barely misses you.
You are too injured to fight recklessly!
You see here an adder corpse.
Are you sure you want to shaft yourself?
The goblin shoots a sling bullet.
The sling bullet barely misses you.
You begin to dig a shaft.
You continue digging a shaft.
A shaft appears beneath you!
You fall into a shaft and drop 1 floor!
The shaft crumbles and collapses.
Unknown command.
You start resting.
HP restored.
Found a plate armour.
Sigmund the Dreaded comes into view.
He is wielding a +0 scythe of venom.
Sigmund shouts!
Sigmund hits you with a +0 scythe of venom!
You closely miss Sigmund. You hit Sigmund but do no damage.
Sigmund hits you with a +0 scythe of venom!
* * * LOW HITPOINT WARNING * * *
You are lethally poisoned!
You sock Sigmund!
Sigmund is heavily wounded.
You die...

## { ... # #
.[#.#.# #.#.#.
#.. . ..#.#
########.#.# #
#.....@@...#.# .
#.######.###.#..
.######........
...............
#######........
#........
#........
##.......
##+###.


You could see Sigmund.

Vanquished Creatures
  An adder (D:2)
  A ball python (D:1)
  An endoplasm (D:1)
  A quokka (D:1)
  4 bats (D:1)
  A frilled lizard (D:1)
  A goblin (D:1)
  2 kobolds (D:1)
12 creatures vanquished.

Notes
Turn   | Place    | Note
-------+----------+-------------------------------------------
     0 | D:1      | MisterFreud the Formicid Gladiator began the quest for the
                  | Orb.
     0 | D:1      | Reached XP level 1. HP: 16/16 MP: 1/1
   188 | D:1      | Found Ajaown's Magic Scroll Shoppe.
   271 | D:1      | Reached XP level 2. HP: 23/23 MP: 2/2
   490 | D:1      | Found a faded altar of an unknown god.
   660 | D:2      | You fall into a shaft and drop 1 floor!
   953 | D:3      | Noticed Sigmund
   957 | D:3      | Succumbed to Sigmund's poison

Illustrated notes

Levels and vault maps discovered:
D:1:      lightli_arrival_boilingwater, layout_loops_ring,
          basic_ecumenical_altar, serial_shops, shop_scrolls
D:2:      layout_basic, uniq_natasha, uniq_robin
D:3:      layout_basic, lemuel_crystal_altar, slow_altar_1, uniq_sigmund

Action                   || total
-------------------------++-------
Melee: Quarterstaff      ||    34
 Abil: Shaft Self        ||     1
  Use: Scroll            ||     6
 Stab: Sleeping          ||     1
Armor: Leather armour    ||     7
Dodge: Dodged            ||    17
